 Dungeon Crawl Stone Soup version 0.28.0-1-gb440e238dd (webtiles) character file.

Game seed: 16805219396927899196

105 hikkokomori the Digger (level 4, -1/24 HPs)
             Began as a Gargoyle Earth Elementalist on Feb 21, 2022.
             Killed by divine providence
             ... invoked by an orc priest
              (13 damage)
             ... on level 3 of the Dungeon.
             The game lasted 00:03:55 (2857 turns).

hikkokomori the Digger (GrEE)                       Turns: 2857, Time: 00:03:55

Health: -1/24      AC:  5    Str: 12    XL:     4   Next: 81%
Magic:  9/9        EV: 11    Int: 17    God:
Gold:   64         SH:  0    Dex: 10    Spells: 8/9 levels left

rFire   . . .      SeeInvis .   d - +0 short sword
rCold   . . .      Faith    .   (no shield)
rNeg    + . .      Spirit   .   b - +0 robe
rPois   ∞          Reflect  .   (no helmet)
rElec   +          Harm     .   (no cloak)
rCorr   .          Rampage  .   (no gloves)
Will    .....                   (no boots)
Stlth   ++........              (no amulet)
HPRegen 0.08/turn               (no ring)
MPRegen 0.11/turn               (no ring)

@: no status effects
A: sickness immunity, AC +3, negative energy resistance 1, electricity
resistance, torment resistance 1, petrification resistance
a: no special abilities


You were on level 3 of the Dungeon.
You visited 1 branch of the dungeon, and saw 3 of its levels.

You collected 64 gold pieces.

Inventory:

Hand Weapons
 d - a +0 short sword (weapon)
Missiles
 c - 13 stones
Armour
 b - a +0 robe (worn)
Magical Staves
 n - a staff of cold
Jewellery
 g - a +6 ring of strength
Scrolls
 e - a scroll of holy word {unknown}
 i - 2 scrolls of identify {unknown}
 k - a scroll of teleportation {unknown}
 o - a scroll of magic mapping {unknown}
Potions
 a - a potion of lignification {unknown}
 f - a potion of haste {unknown}
 h - a potion of mutation {unknown}
 j - a potion of heal wounds {unknown}
 l - a potion of attraction {unknown}
 m - a potion of brilliance {unknown}


   Skills:
 - Level 1.5 Dodging
 - Level 2.2 Stealth
 + Level 3.4 Spellcasting
 - Level 0.7 Transmutations
 + Level 5.2 Earth Magic


You had 8 spell levels left.
You knew the following spells:

 Your Spells              Type           Power      Damage    Failure   Level
a - Sandblast             Erth           40%        2d10      1%          1

Your spell library contained the following spells:

 Spells                   Type           Power      Damage    Failure   Level
 Passwall                 Tmut/Erth      10%        N/A       8%          2
 Animate Skeleton         Necr           4%         N/A       17%         1
 Pain                     Necr           8%         1d4       17%         1
 Stone Arrow              Conj/Erth      22%        3d8       17%         3
 Petrify                  Tmut/Erth      13%        N/A       43%         4
 Vampiric Draining        Necr           2%         2d6       45%         3


Dungeon Overview and Level Annotations

Branches:
Dungeon (3/15)

Altars:

Shops:
D:1 !


Innate Abilities, Weirdness & Mutations

You are immune to sickness and miasma.
Your stone body is resilient. (AC +3)
You are immune to poison.
You resist negative energy. (rN+)
You are resistant to electric shocks. (rElec)
You are resistant to unholy torment.
You are immune to petrification.


Message History

Aiming: Sandblast (safe; 1% risk of failure)
Press: ? - help, Shift-Dir - straight line, f/p - adder
Aim: an adder (68% to hit)
The blast of sand misses the adder.
The adder bites you but does no damage.
Casting: Sandblast (safe; 1% risk of failure)
Confirm with . or Enter, or press ? or * to list all spells.
Aiming: Sandblast (safe; 1% risk of failure)
Press: ? - help, Shift-Dir - straight line, f/p - adder
Aim: an adder (68% to hit)
The blast of sand misses the adder.
The adder closely misses you.
Casting: Sandblast (safe; 1% risk of failure)
Confirm with . or Enter, or press ? or * to list all spells.
Aiming: Sandblast (safe; 1% risk of failure)
Press: ? - help, Shift-Dir - straight line, f/p - adder
Aim: an adder (68% to hit)
The blast of sand hits the adder.
The adder is moderately wounded.
The adder closely misses you.
Casting: Sandblast (safe; 1% risk of failure)
Confirm with . or Enter, or press ? or * to list all spells.
Aiming: Sandblast (safe; 1% risk of failure)
Press: ? - help, Shift-Dir - straight line, f/p - adder
Aim: an adder (moderately wounded, 68% to hit)
The blast of sand hits the adder!
You kill the adder!
Unknown command.
You see here an adder corpse.
You see here an adder corpse.
Found a stone staircase leading up.
An orc priest, 3 orcs and an orc wizard come into view.
The orc shouts!
The orc priest shouts!
The orc priest invokes the aid of Beogh against you.
Beogh smites you!
Ouch! That really hurt!
The orc wizard shouts!
There is a stone staircase leading up here.
The orc priest calls down the wrath of Beogh upon you.
Beogh smites you!
Ouch! That really hurt!
You die...

#.#...#
#.#...#####
#.........###
#.#######.#..
.... #.#.#
...... #.#.#
....
..####.#.#
...
o.o.o.....#
...oo....@#
###.......#
..........
..........#.
...########..
... .. ...
..#


You could see an orc priest, an orc wizard and 2 orcs.

Vanquished Creatures
  3 gnolls (D:2)
  3 adders
  5 endoplasms
  3 giant cockroaches (D:1)
  3 hobgoblins
  7 jackals
  4 quokkas
  5 bats
  A frilled lizard (D:1)
  4 goblins
  4 kobolds
  4 rats (D:2)
46 creatures vanquished.

Vanquished Creatures (others)
  A plant (D:2)
1 creature vanquished.

Grand Total: 47 creatures vanquished

Notes
Turn   | Place    | Note
-------+----------+-------------------------------------------
     0 | D:1      | hikkokomori the Gargoyle Earth Elementalist began the quest
                  | for the Orb.
     0 | D:1      | Reached XP level 1. HP: 10/10 MP: 3/3
   259 | D:1      | Reached XP level 2. HP: 15/15 MP: 5/5
   275 | D:1      | Reached skill level 4 in Earth Magic
   661 | D:1      | Found Ytreninopa's Distillery.
   825 | D:1      | Reached XP level 3. HP: 13/19 MP: 0/6
  2127 | D:2      | Reached XP level 4. HP: 12/24 MP: 5/8
  2398 | D:2      | Reached skill level 5 in Earth Magic
  2857 | D:3      | Killed from afar by an orc priest

Illustrated notes

Levels and vault maps discovered:
D:1:      amcnicky_arrival_gap_in_the_tavern_cellar, layout_basic, serial_shops,
          shop, minmay_misc_feat_ornament
D:2:      layout_loops_corners, nrook_uturn, serial_bayou_lake_a
D:3:      layout_basic

Skill      XL: |  1  2  3  4 |
---------------+-------------+-----
Earth Magic    | 4 5 |  5.2
Spellcasting   | 3 |  3.4
Dodging        | |  1.5
Stealth        | |  2.2
Transmutations | |  0.7

Action                   |  1- 3 |  4- 6 || total
-------------------------+-------+-------++-------
Melee: Short sword       |    74 |     6 ||    80
       Punch             |     2 |       ||     2
 Cast: Sandblast         |    31 |    18 ||    49
 Stab: Sleeping          |     4 |       ||     4
Armor: Robe              |    22 |     6 ||    28
Dodge: Dodged            |    51 |     7 ||    58
